 Dungeon Crawl Stone Soup version 0.27.1 (webtiles) character file.

Game seed: 8003571680962643598

405 nxtlvl the Chopper (level 6, -8/51 HPs)
             Began as a Draconian Berserker on Aug 23, 2021.
             Was a Follower of Trog.
             Killed from afar by Dowan (27 damage)
             ... with a shard of ice
             ... on level 6 of the Dungeon.
             The game lasted 00:03:14 (433 turns).

nxtlvl the Chopper (Draconian Berserker)             Turns: 433, Time: 00:03:16

Health: -8/51      AC:  6    Str: 19    XL:     6   Next: 56%
Magic:  6/6        EV: 12    Int:  7    God:    Trog [*.....]
Gold:   28         SH:  0    Dex: 13    Spells: 5/5 levels left

rFire    . . .     SeeInvis .   a - +0 hand axe
rCold    . . .     Faith    .   (no shield)
rNeg     . . .     Spirit   .   (armour unavailable)
rPois    .         Reflect  .   (helmet restricted)
rElec    .         Harm     .   (no cloak)
rCorr    .         Rampage  .   (no gloves)
Will     .....                  (no boots)
Stlth    +.........             (no amulet)
HPRegen  0.17/turn              (no ring)
MPRegen  0.10/turn              (no ring)

@: on berserk cooldown, slowed, very slow
A: AC +6, unfitting armour, cold-blooded
a: Renounce Religion, Berserk


You were on level 6 of the Dungeon.
You worshipped Trog.
Trog was aware of your devotion.
You visited 1 branch of the dungeon, and saw 6 of its levels.

You collected 28 gold pieces.

Inventory:

Hand Weapons
 a - a +0 hand axe (weapon)
Missiles
 d - 4 boomerangs of dispersal (quivered)
 h - 7 poisoned darts
Scrolls
 c - a scroll of magic mapping {unknown}
 f - a scroll of blinking {unknown}
 g - a scroll of teleportation {unknown}
Potions
 b - a potion of curing {unknown}
 e - a potion of lignification {unknown}


   Skills:
 - Level 3.2 Fighting
 * Level 7.5 Axes
 - Level 2.6 Dodging


You had 5 spell levels left.
You didn't know any spells.
Your spell library was empty.

Dungeon Overview and Level Annotations

Branches:
Dungeon (6/15)
 Temple: D:4-7

Altars:
Fedhas

Annotations:
D:6 Dowan


Innate Abilities, Weirdness & Mutations

Your plain brown scales are hard. (AC +6)
You cannot fit into any form of body armour.
You are cold-blooded and may be slowed by cold attacks.


Message History

The sky beast flickers out of sight!
Deactivating autopickup; reactivate with Ctrl-A.
You barely miss the phantom. You tail-slap the phantom!
The phantom is almost destroyed.
The phantom hits you but does no damage.
You slash the phantom!
You destroy the phantom!
Trog accepts your kill.
Dowan, Brother of Duvessa comes into view.
He is wielding a +0 dagger.
Your Axes skill increases to level 7!
You have reached level 6!
Your experience leads to an increase in your attributes!
Increase (S)trength, (I)ntelligence, or (D)exterity?
You feel agile.
Your scales feel tougher.
You hit something.
Dowan seems to find hidden reserves of power!
You miss something. You tail-slap something!
Something hits you but does no damage.
You hit something. You tail-slap something. You closely miss Dowan.
The gnoll barely misses you. The gnoll closely misses you.
Something hits you but does no damage.
You slash something! Trog accepts your kill.
Reactivating autopickup.
You feel a bit more experienced.
You barely miss Dowan. Dowan closely misses you.
The gnoll hits you from afar with a +4 spear.
You are no longer berserk.
You are exhausted.
You feel yourself slow down. The centaur zombie misses you.
The centaur zombie kicks you but does no damage.
The gnoll hits you with a +0 halberd!
Items here: ! )) [ †††.
You hit the gnoll.
Your tail-slap misses the gnoll.
The gnoll is lightly wounded.
You hit the gnoll. You hit Dowan. You completely miss the centaur zombie.
Dowan gestures at you while chanting. The shard of ice hits you!!
Ouch! That really hurt!
You die...

....... .....
.............
............
#.......... .
##...#.#.#.# ..
........?#.# ...
.........#e# ....
........g#@#.....
.......<.ggZ....#
.......#.$Z.......
..................
..................
..g...............
..................
................).
...............##


You could see Dowan (fast), 2 gnolls, a centaur zombie and a bullfrog skeleton.

Vanquished Creatures
  Duvessa (D:6)
  A sky beast (D:6)
  A black bear (D:3)
  A phantom (D:6)
  A hound skeleton (D:4)
  A gnoll (D:6)
  2 adders (D:2)
  A howler monkey skeleton (D:4)
  2 endoplasms (D:3)
  A giant cockroach (D:4)
  A hobgoblin (D:2)
  2 ball pythons (D:2)
  A frilled lizard (D:2)
  2 kobolds
  A rat (D:2)
19 creatures vanquished.

Notes
Turn   | Place    | Note
-------+----------+-------------------------------------------
     0 | D:1      | nxtlvl the Draconian Berserker began the quest for the Orb.
     0 | D:1      | Reached XP level 1. HP: 19/19 MP: 1/1
    47 | D:2      | Reached XP level 2. HP: 26/26 MP: 2/2
   108 | D:2      | Reached skill level 4 in Axes
   163 | D:3      | Noticed a black bear
   171 | D:3      | Killed a black bear
   172 | D:3      | Reached skill level 5 in Axes
   172 | D:3      | Reached XP level 3. HP: 27/31 MP: 3/3
   172 | D:3      | Reached XP level 4. HP: 33/38 MP: 4/4
   271 | D:4      | Found a blossoming altar of Fedhas.
   346 | D:5      | Entered Level 5 of the Dungeon
   408 | D:6      | Noticed a phantom
   409 | D:6      | Noticed Duvessa
   422 | D:6      | Noticed a sky beast
   423 | D:6      | Killed Duvessa
   424 | D:6      | Reached skill level 6 in Axes
   424 | D:6      | Reached XP level 5. HP: 38/45 MP: 5/5
   427 | D:6      | Killed a phantom
   427 | D:6      | Noticed Dowan
   428 | D:6      | Reached skill level 7 in Axes
   428 | D:6      | Reached XP level 6. HP: 44/51 MP: 6/6
   431 | D:6      | Killed a sky beast
   433 | D:6      | Killed from afar by Dowan

Illustrated notes

Levels and vault maps discovered:
D:1:      dpeg_arrival_long_road, layout_basic, roderic_roman_lattice
D:2:      layout_loops_ring, shapermc_ecumenical_altar_notcrosses,
          minmay_unequal
D:3:      layout_basic, serial_rivers, chequers_serial_rivers_room_a,
          chequers_serial_rivers_small_b, chequers_serial_rivers_room_b,
          chequers_serial_rivers_small_a, chequers_serial_rivers_large_b,
          chequers_serial_rivers_micro_d, minmay_fractal_squares_5, uniq_robin
D:4:      layout_loops_ring, kennysheep_little_box
D:5:      layout_rooms, minmay_temple_entry_grid
D:6:      layout_basic, mainiacjoe_overflow_catwalk_spiral, uniq_duvessa

Skill      XL: |  1  2  3  4  5 |
---------------+----------------+-----
Axes           | 5 6 7 |  7.5
Fighting       | |  3.2
Dodging        | |  2.6

Action                   |  1- 3 |  4- 6 || total
-------------------------+-------+-------++-------
Melee: Hand axe          |    38 |    30 ||    68
       Tailslap          |     5 |     9 ||    14
Invok: Berserk           |     3 |     1 ||     4
Armor: Skin              |     9 |     7 ||    16
Dodge: Dodged            |    28 |    10 ||    38
